 Dungeon Crawl Stone Soup version 0.22-a0-448-g1fb7470 (webtiles) character file.

1635 DrEnzyme the Cleaver (level 8, -2/65 HPs)
             Began as a Demonspawn Chaos Knight on June 4, 2018.
             Slain by an orc warrior
             ... wielding a +0 scimitar
              (13 damage)
             ... on level 4 of the Dungeon.
             The game lasted 00:20:22 (6371 turns).

DrEnzyme the Cleaver (Demonspawn Chaos Knight)      Turns: 6371, Time: 00:20:23

Health: -2/65      AC:  6    Str: 18    XL:     8   Next: 66%
Magic:  8/8        EV: 11    Int: 19    God:    Xom [..*...]
Gold:   1201       SH:  0    Dex: 14    Spells: 7/7 levels left

rFire    . . .     SeeInvis .   a - +0 hand axe (chaos)
rCold    . . .     Gourm    .   (no shield)
rNeg     . . .     Faith    .   k - +2 leather armour
rPois    .         Spirit   .   d - +0 helmet
rElec    .         Reflect  .   (no cloak)
rCorr    .         Harm     .   (no gloves)
MR       .....                  (no boots)
Stlth    ++........             (no amulet)
HPRegen  0.20/turn              (no ring)
MPRegen  0.11/turn              (no ring)

@: mighty, brilliant
A: nightstalker 1, powered by death 2
a: Renounce Religion


You were on level 4 of the Dungeon.
You worshipped Xom.
You were a toy of Xom.
You were not hungry.

You visited 1 branch of the dungeon, and saw 5 of its levels.
You also visited: Sewer and Ossuary.

You collected 1201 gold pieces.

Inventory:

Hand Weapons
 a - a +0 hand axe of chaos (weapon)
 b - a +0 hunting sling
Missiles
 e - a throwing net (quivered)
 l - 55 sling bullets
Armour
 d - a +0 helmet (worn)
 k - a +2 leather armour (worn)
Jewellery
 w - an uncursed ring of ice {unknown}
Scrolls
 f - 5 scrolls of teleportation
 i - 4 scrolls of identify
 j - 6 scrolls of fog
 s - 2 scrolls of remove curse
 u - a scroll of enchant weapon {unknown}
 v - a scroll of acquirement {unknown}
Potions
 g - a potion of flight {unknown}
 m - a potion of might
 n - 2 potions of magic {unknown}
 o - 2 potions of curing
 p - 2 potions of brilliance
 q - 2 potions of degeneration {unknown}
 r - 2 potions of lignification {unknown}
 t - a potion of ambrosia {unknown}
Comestibles
 c - 5 rations


   Skills:
 + Level 6.6 Fighting
 + Level 8.4 Axes
 + Level 2.6 Slings
 - Level 1.7 Armour
 - Level 0.8 Dodging


You had 7 spell levels left.
You didn't know any spells.
Your spell library was empty.

Dungeon Overview and Level Annotations

Branches:
Dungeon (5/15)
 Temple: D:4-7

Altars:
Sif Muna
Xom

Annotations:
D:4 exclusion: downstairs, Eustachio


Innate Abilities, Weirdness & Mutations

You are slightly more attuned to the shadows.
You regenerate health from kills.


Message History

* * * LOW HITPOINT WARNING * * *
Something completely misses your butterfly.
You feel sick. The slave hits your butterfly!
Your butterfly dies!
You feel much better.
You feel sick.
An orc warrior appears from thin air!
Reactivating autopickup.
You feel very mighty all of a sudden.
You feel sick. The slave hits you.
You feel sick.
Your leather armour prevents you from hitting the orc warrior.
The orc warrior is lightly wounded.
You feel sick.
The orc warrior hits you with a scimitar!
* * * LOW HITPOINT WARNING * * *
* * * LOW HITPOINT WARNING * * *
You feel sick.
You feel better.
The orc warrior hits you with a scimitar!
You die...
Xom bursts into laughter!

### ### #.# ##.# #.#
###.## ##.### ###..##
#####>..p#####....#
#.....###o........## #
##....# ##@...##.(.# #
##...# #.....##...##
#### #.b.#
#.....##....####...
##..#
#.....##....#...... #..#
#.................#
#..###............(...##
#..##.....###........##
#..#....### ###.....##
##......## ###..##


You could see an orc warrior and a slave.

Vanquished Creatures
  The ghost of DrEnzyme the Sneak, a novice OpWn of Gozag (D:4)
  A wyvern (shapeshifter) (D:3)
  A swamp drake (D:4)
  5 elf zombies (Ossuary)
  2 bullfrogs (Sewer)
  A howler monkey (D:4)
  A crimson imp (D:5)
  2 orc priests
  Crazy Yiuf (D:2)
  A human zombie (Ossuary)
  An iguana (D:4)
  An orc wizard (D:5)
  A worker ant (D:4)
  A mummy (Ossuary)
  14 adders
  7 river rats
  2 oozes
  A worm (D:3)
  A dart slug (D:3)
  2 leopard geckos (shapeshifter)
  3 leopard geckos
  11 orcs
  9 ball pythons
  2 giant cockroaches
  6 goblins
  9 hobgoblins
  5 jackals (D:3)
  5 quokkas
  7 bats
  9 frilled lizards
  9 kobolds
  A quokka skeleton (D:4)
  33 rats
156 creatures vanquished.

Vanquished Creatures (collateral kills)
  A phantom (D:4)
  A ball python (D:2)
2 creatures vanquished.

Vanquished Creatures (others)
  An iguana (D:4)
  5 toadstools (D:1)
6 creatures vanquished.

Grand Total: 164 creatures vanquished

Notes
Turn   | Place    | Note
-------+----------+-------------------------------------------
     0 | D:1      | DrEnzyme the Demonspawn Chaos Knight began the quest for the Orb.
     0 | D:1      | Reached XP level 1. HP: 18/18 MP: 1/1
   206 | D:1      | Reached skill level 3 in Axes
   220 | D:1      | XOM: divination: magic mapping
   225 | D:1      | Gained mutation: You regenerate a little health from kills. [demonic ancestry]
   225 | D:1      | Reached XP level 2. HP: 22/24 MP: 2/2
   449 | D:1      | Gained mutation: You are slightly more attuned to the shadows. [demonic ancestry]
   449 | D:1      | Reached XP level 3. HP: 29/29 MP: 3/3
   550 | D:1      | XOM: divination: magic mapping
   628 | D:1      | XOM: god gift: scroll labeled XEXKEGH NUHAFA {god gift}
   798 | D:2      | XOM: divination: detect creatures
   887 | D:2      | XOM: god gift: 55 gold pieces
   933 | D:2      | XOM: polymorph rat -> ball python
  1227 | D:2      | Found a runed door.
  1231 | D:2      | Noticed Crazy Yiuf
  1244 | D:2      | Killed Crazy Yiuf
  1244 | D:2      | Reached skill level 4 in Axes
  1244 | D:2      | Reached XP level 4. HP: 37/37 MP: 4/4
  1983 | D:2      | XOM: scenery: create altars
  1997 | D:2      | XOM: butterfly on damage
  1999 | D:2      | Reached XP level 5. HP: 12/42 MP: 5/5
  2205 | D:3      | Found a glowing drain.
  2221 | Sewer    | Entered a sewer
  2244 | Sewer    | XOM: smoke on damage
  2493 | Sewer    | XOM: enchant monster (good)
  2494 | Sewer    | XOM: divination: detect items
  2519 | Sewer    | Reached skill level 5 in Axes
  2712 | Sewer    | Gained mutation: You regenerate health from kills. [demonic ancestry]
  2712 | Sewer    | Reached XP level 6. HP: 49/49 MP: 6/6
  2761 | Sewer    | XOM: noise
  2858 | Sewer    | XOM: god gift: 19 arrows
  3119 | Sewer    | XOM: harmless Air miscast
  3124 | Sewer    | XOM: noise
  3340 | Sewer    | XOM: confuse monster(s)
  3386 | Sewer    | Reached skill level 5 in Fighting
  3413 | Sewer    | Reached skill level 6 in Axes
  3456 | Sewer    | XOM: 2-stop teleportation journey
  3566 | D:3      | XOM: god gift: 930 gold pieces
  4004 | D:3      | Reached XP level 7. HP: 30/56 MP: 7/7
  4217 | D:3      | Noticed a wyvern
  4229 | D:3      | Killed a wyvern
  4575 | D:4      | XOM: scenery: create altars
  4592 | D:4      | Found a sand-covered staircase.
  4597 | Ossuary  | Entered an ossuary
  4625 | Ossuary  | Reached skill level 1 in Slings
  4626 | Ossuary  | XOM: 7-stop teleportation journey
  4630 | Ossuary  | XOM: fog
  4649 | Ossuary  | XOM: fake destruction
  4655 | Ossuary  | XOM: blink monster(s)
  4674 | Ossuary  | XOM: confuse monster(s)
  4684 | Ossuary  | Reached skill level 7 in Axes
  4686 | Ossuary  | XOM: harmless Tmut miscast
  4704 | Ossuary  | Reached XP level 8. HP: 16/64 MP: 8/8
  4963 | D:4      | Noticed Eustachio
  4997 | D:4      | XOM: medium Tmut miscast
  5226 | D:4      | XOM: 2-stop teleportation journey
  5519 | D:4      | Noticed DrEnzyme's ghost (novice OpWn)
  5533 | D:4      | Killed DrEnzyme's ghost
  5614 | D:4      | Reached skill level 8 in Axes
  5867 | D:4      | XOM: summons 8 friendly demons
  5942 | D:4      | Found a deep blue altar of Sif Muna.
  6186 | D:5      | Entered Level 5 of the Dungeon
  6319 | D:5      | XOM: confuse monster(s)
  6320 | D:5      | XOM: smoke on damage
  6353 | D:5      | HP: 2/65 [slave[Pikel] (5)]
  6357 | D:4      | XOM: divination: detect creatures
  6361 | D:4      | XOM: butterfly on damage
  6362 | D:4      | XOM: mild Pois miscast
  6368 | D:4      | HP: 3/65 [orc warrior/scimitar (15)]
  6371 | D:4      | Slain by an orc warrior

Vault maps used:
D:1:      ldierk_walled_garden
D:2:      uniq_crazy_yiuf_cottage
D:3:      cheibrodos_sewer_entry_sluice
D:4:      kennysheep_mini, first_ration, enter_ossuary_5, uniq_eustachio
D:5:      uniq_pikel
Sewer:    sewer_minmay_w
Ossuary:  ossuary_minmay_four_chambers

Skill      XL: |  1  2  3  4  5  6  7  8 |
---------------+-------------------------+-----
Axes           | 3 4 5 6 7 8 |  8.4
Fighting       | 4 5 6 |  6.6
Slings         | 2 |  2.6
Armour         | |  1.7
Dodging        | |  0.8

Action                   |  1- 3 |  4- 6 |  7- 9 || total
-------------------------+-------+-------+-------++-------
Melee: Hand axe          |   118 |   252 |   176 ||   546
 Fire: Hunting sling     |       |    23 |    13 ||    36
  Use: Scroll            |     2 |     6 |     2 ||    10
       Potion            |       |     1 |    13 ||    14
 Stab: Sleeping          |     2 |     3 |     2 ||     7
       Confused          |     1 |       |     5 ||     6
       Petrifying        |       |     1 |       ||     1
       Petrified         |       |     1 |       ||     1
  Eat: Chunk             |     1 |     6 |     4 ||    11
       Ration            |       |     1 |     1 ||     2
Armor: Leather armour    |    47 |   111 |    41 ||   199
Dodge: Dodged            |    68 |   193 |    66 ||   327

Table legend:
 A = Spawn XP
 B = Non-spawn XP
 C = Spawn XP percentage of total XP
 D = Spawn monster count
 E = Non-spawn monster count
 F = Spawn count percentage of total count
 G = Total turns spent on level
                    A         B        C        D         E        F      G
               +---------+---------+-------+---------+---------+-------+---------
         Total |       0 |    2336 |   0.0 |       0 |     159 |   0.0 |  6371
               +---------+---------+-------+---------+---------+-------+---------
           D:1 |       0 |      50 |   0.0 |       0 |      28 |   0.0 |   763
           D:2 |       0 |     148 |   0.0 |       0 |      23 |   0.0 |  1419
           D:3 |       0 |     339 |   0.0 |       0 |      35 |   0.0 |  1080
           D:4 |       0 |     757 |   0.0 |       0 |      12 |   0.0 |  1324
           D:5 |       0 |      94 |   0.0 |       0 |       5 |   0.0 |   139
         Sewer |       0 |     436 |   0.0 |       0 |      49 |   0.0 |  1284
       Ossuary |       0 |     512 |   0.0 |       0 |       7 |   0.0 |   362
               +---------+---------+-------+---------+---------+-------+---------
